 Dungeon Crawl Stone Soup version 0.29-a0-289-g2178c42546 (webtiles) character file.

Game seed: 8916940540679245810

195939 kae the Executioner (level 18, -14/173 HPs)
             Began as a Hill Orc Fighter on Mar 17, 2022.
             Was the Champion of Qazlal.
             Demolished by Agnes
             ... wielding a +2 lajatang of electrocution
              (26 damage)
             ... on level 2 of the Elven Halls.
             The game lasted 00:25:14 (33534 turns).

kae the Executioner (Hill Orc Fighter)             Turns: 33534, Time: 00:25:15

Health: -14/173    AC: 33    Str: 27    XL:     18   Next: 35%
Magic:  48/48      EV:  2    Int:  8    God:    Qazlal [******]
Gold:   3168       SH:  0    Dex: 10    Spells: 17/17 levels left

rFire   + + +      SeeInvis +   k - +9 executioner's axe (elec)
rCold   + . .      Faith    .   (shield currently unavailable)
rNeg    . . .      Spirit   .   s - +6 plate armour "Ytuhe" {rF+ MP+9 Slay+5}
rPois   .          Reflect  +   o - +1 helmet
rElec   .          Harm     .   A - scarf {rC+ rF+}
rCorr   .          Rampage  .   b - +1 pair of gloves
Will    +....                   Y - +0 pair of boots {Fly}
Stlth   ..........              n - amulet of reflection
HPRegen 0.38/turn               V - ring of Moodiness {Drain rF+ MP+9 Slay+6 SInv}
MPRegen 0.31/turn               O - ring of the Hare {EV+8}

@: about to teleport, sleeping, protected from physical damage, flying, repel
missiles
A: no striking features
}: 1/15 runes: decaying
a: Renounce Religion, Upheaval, Elemental Force, Disaster Area


You were on level 2 of the Elven Halls.
You worshipped Qazlal.
Qazlal was exalted by your worship.
You visited 6 branches of the dungeon, and saw 30 of its levels.
You also visited: Gauntlet, Ice Cave and Volcano.

You collected 3616 gold pieces.
You spent 448 gold pieces at shops.

Inventory:

Hand Weapons
 k - a +9 executioner's axe of electrocution (weapon)
 M - a +1 battleaxe of flaming
Armour
 b - a +1 pair of gloves (worn)
 o - a +1 helmet (worn)
 s - the +6 plate armour "Ytuhe" (worn) {rF+ MP+9 Slay+5}
   (You found it on level 6 of the Dungeon)

   Slay:      It affects your accuracy & damage with ranged weapons and melee
   (+5).
   rF:        It protects you from fire.
   MP:        It affects your magic capacity (+9).
 A - a scarf of resistance (worn)
 W - the +0 pair of boots of Generosity {Drain rPois Int+5}
   (You found it in a Gauntlet)

   Int:       It affects your intelligence (+5).
   rPois:     It protects you from poison.
   Drain:     It drains your maximum health when unequipped.
 Y - a +0 pair of boots of flying (worn)
Jewellery
 e - a ring of positive energy
 f - a ring of protection from fire
 g - a ring of resist corrosion
 j - a +6 ring of dexterity
 n - an amulet of reflection (around neck)
 r - an amulet of regeneration
 x - a +6 ring of strength
 C - a ring of magical power
 N - a ring of ice
 O - the ring of the Hare (right hand) {EV+8}
   (You found it on level 2 of the Orcish Mines)

   [ring of evasion]

   EV:        It affects your evasion (+8).
 V - the ring of Moodiness (left hand) {Drain rF+ MP+9 Slay+6 SInv}
   (You found it on level 6 of the Lair of Beasts)

   [ring of magical power]

   Slay:      It affects your accuracy & damage with ranged weapons and melee
   (+6).
   rF:        It protects you from fire.
   MP:        It affects your magic capacity (+9).
   SInv:      It lets you see invisible.
   Drain:     It drains your maximum health when unequipped.
 Z - a ring of see invisible
Wands
 c - a wand of mindburst (3)
 d - a wand of acid (15)
 B - a wand of flame (50)
 H - a wand of polymorph (7)
 P - a wand of paralysis (21)
 T - a wand of iceblast (11)
 X - a wand of digging (23)
Scrolls
 a - a scroll of magic mapping
 h - 4 scrolls of silence
 p - a scroll of enchant weapon
 t - 5 scrolls of teleportation
 u - 4 scrolls of blinking
 y - 2 scrolls of fog
 K - 3 scrolls of fear
 L - 6 scrolls of amnesia
 U - 3 scrolls of holy word
Potions
 i - 5 potions of curing
 l - 5 potions of mutation
 m - 5 potions of magic
 q - 8 potions of might
 v - 5 potions of cancellation
 w - 5 potions of lignification
 z - 3 potions of ambrosia
 E - 10 potions of brilliance
 F - 6 potions of heal wounds
 G - 7 potions of attraction
 I - 2 potions of berserk rage
 J - 4 potions of invisibility
 R - 4 potions of haste
 S - 2 potions of resistance


   Skills:
 + Level 18.4 Fighting
 - Level 24.0 Axes
 + Level 15.9 Armour
 + Level 8.7 Dodging
 - Level 3.2 Shields
 + Level 17.8 Invocations


You had 17 spell levels left.
You didn't know any spells.
Your spell library contained the following spells:

 Spells                   Type           Power      Damage    Failure   Level
 Animate Skeleton         Necr           0%         N/A       95%         1
 Apportation              Tloc           0%         N/A       95%         1
 Summon Small Mammal      Summ           0%         N/A       95%         1
 Corpse Rot               Necr/Air       0%         N/A       99%         2
 Poisonous Vapours        Pois/Air       0%         N/A       99%         2
 Call Canine Familiar     Summ           0%         N/A       100%        3
 Portal Projectile        Hex/Tloc       0%         N/A       100%        3
 Summon Guardian Golem    Hex/Summ       0%         N/A       100%        3
 Animate Dead             Necr           0%         N/A       100%        4
 Fulminant Prism          Conj/Hex       0%         3d6       100%        4
 Iskenderun's Mystic Bla  Conj/Tloc      0%         2d3       100%        4
 Alistair's Intoxication  Tmut/Pois      0%         N/A       100%        5
 Blade Hands              Tmut           0%         N/A       100%        5
 Borgnjor's Vile Clutch   Necr/Erth      0%         N/A       100%        5
 Excruciating Wounds      Necr           0%         N/A       100%        5
 Fireball                 Conj/Fire      0%         3d3       100%        5
 Freezing Cloud           Conj/Ice/Air   0%         6-21      100%        5
 Irradiate                Conj/Tmut      0%         3d13      100%        5
 Iskenderun's Battlesphe  Conj           0%         2d6       100%        5
 Lee's Rapid Deconstruct  Erth           0%         3d5*      100%        5
 Conjure Ball Lightning   Conj/Air       0%         3x3d6     100%        6
 Death Channel            Necr           0%         N/A       100%        6
 Eringya's Noxious Bog    Tmut/Pois      0%         N/A       100%        6
 Simulacrum               Ice/Necr       0%         N/A       100%        6
 Dragon Form              Tmut           0%         N/A       100%        7
 Orb of Destruction       Conj           0%         9d5       100%        7
 Polar Vortex             Ice            0%         N/A       100%        9


Dungeon Overview and Level Annotations

Branches:
Dungeon (15/15)            Temple (1/1) D:5            Lair (6/6) D:8
  Swamp (4/4) Lair:3        Snake (0/4) Lair:2        Slime (0/5) Lair:5
    Orc (2/2) D:12            Elf (2/3) Orc:2        Vaults (0/5) D:14
 Depths (0/4) D:15          IceCv (visited)         Volcano (visited)
Gauntlet (visited)

Altars:
Ashenzari
Cheibriados
Dithmenos
Elyvilon
Fedhas
Gozag
Hepliaklqana
Kikubaaqudgha
Makhleb
Nemelex Xobeh
Okawaru
Qazlal
Ru
Sif Muna
Trog
Uskayaw
Vehumet
Wu Jian
Xom
Yredelemnul
Zin
The Shining One
Beogh

Shops:
D:9 (   D:12 *   Orc:2 *[[[

Portals:
Hell: Lair:6

Annotations:
Lair:1 1 exclusion
Lair:2 exclusion: oklob plant
Swamp:3 2 runed translucent doors, benappo's ghost, adept DsHu
Elf:2 2 runed translucent doors, Agnes; Aizul


Message History

You kill the deep elf pyromancer!
Qazlal accepts your kill.
Your surroundings seem slightly different.
Aizul coils herself and waves her upper body at you.
The bolt of poison hits you.
You are poisoned.
* * * LOW HITPOINT WARNING * * *
As you read the scroll of teleportation, it crumbles to dust.
You feel strangely unstable.
You feel very sick.
The deep elf knight shoots an arrow.
The arrow hits you.
* * * LOW HITPOINT WARNING * * *
The +3 vampiric trident is engulfed in blazing flames.
The +3 vampiric trident hits you from afar!
* * * LOW HITPOINT WARNING * * *
The +0 scimitar of holy wrath hits you but does no damage.
You feel better. Aizul casts a spell at you. The bolt of poison misses you.
The +3 vampiric trident is engulfed in blazing flames.
The +3 vampiric trident completely misses you.
The +0 scimitar of holy wrath completely misses you.
The deep elf knight gestures at you while chanting.
The lance of force is repelled.
You slash the +0 scimitar of holy wrath!
The +0 scimitar of holy wrath is heavily damaged.
You hit Agnes.
The +3 vampiric trident is engulfed in blazing flames.
The +3 vampiric trident barely misses you.
Agnes hits you with a +2 lajatang of electrocution.
* * * LOW HITPOINT WARNING * * *
You feel more protected from physical attacks.
You are electrocuted!
* * * LOW HITPOINT WARNING * * *
The +0 scimitar of holy wrath closely misses you.
Aizul casts a spell at you.
You fall asleep.
The deep elf knight shoots an arrow.
The arrow hits you but does no damage.
Agnes hits you with a +2 lajatang of electrocution!!
You die...

#....
........##...#
#....
.............##
####+
..............##
...............#
..............#
..........○○.#
......))(§.°.##
......).S°@§..##
.....§))§(i.○..#
#+
........§.§.°.##
..
............e##
..
.........#...#
..
........###...#
. .......##
#...# . .......
..## ....... ##


You could see Aizul, Agnes, a deep elf knight (fast, invisible) and 2 dancing
weapons.

Vanquished Creatures
  A deep elf blademaster (Elf:2)
  Frances (Swamp:2)
  A thorn hunter (Swamp:4)
  Gastronok (D:11)
  The ghost of wakim the Brawler, a journeyman TrFi of Wu Jian (Orc:2)
  A fire giant (D:15)
  A reaper (IceCv)
  4 eleionomae
  4 bunyips
  A minotaur (Gauntlet)
  A deep elf annihilator (Elf:1)
  The ghost of Hudyte the Thaumaturge, a journeyman DEEE of Vehumet (Lair:2)
  8 vault guards (D:14)
  6 centaur warriors
  2 boulder beetles
  2 spriggan air magi
  2 ghost crabs
  20 hydras
  2 death knights
  4 alligators
  4 two-headed ogres
  5 orc high priests (Orc:2)
  3 death yaks (Lair:6)
  2 tengu warriors
  14 dancing weapons
  A spriggan berserker (Swamp:4)
  Urug (Lair:6)
  Amaemon (Lair:2)
  6 deep elf knights
  A sun demon (Lair:6)
  6 goliath frogs
  A fire crab (Gauntlet)
  3 skeletal warriors (D:14)
  5 spriggan druids
  6 bog bodies
  9 swamp dragons
  A wizard (Lair:6)
  3 deep elf archers
  24 deep elf pyromancers
  20 deep elf zephyrmancers
  2 orc sorcerers (Orc:2)
  3 oklob plants
  3 will-o-the-wisps
  5 ugly things
  A wolf spider (Lair:6)
  A moth of wrath (Lair:6)
  2 eyes of devastation
  5 cyclopes
  An ice statue (IceCv)
  9 elephants
  3 orange demons
  13 black mambas
  18 cane toads
  A smoke demon (Lair:6)
  2 gargoyles
  Maurice (D:8)
  9 komodo dragons
  3 unseen horrors
  7 rime drakes
  2 kobold demonologists (D:11)
  2 freezing wraiths
  An entropy weaver simulacrum (IceCv)
  An ice devil (Lair:6)
  An anaconda simulacrum (IceCv)
  2 red devils (Lair:6)
  2 tengu conjurers
  13 trolls
  A bloated husk (Swamp:1)
  11 polar bears
  The ghost of cheburek the Skirmisher, an amateur FoAK of Lugonu (D:4)
  14 slime creatures
  Grinder (D:3)
  4 hornets
  8 tyrant leeches
  13 blink frogs
  A wind drake (shapeshifter) (D:15)
  7 dream sheep (Lair:4)
  14 spriggans
  5 flying skulls (Gauntlet)
  2 air elementals
  3 shadows
  A vampire (D:10)
  A water elemental (Elf:1)
  7 wyverns
  73 yaks
  8 fire bats
  4 wraiths
  15 vampire mosquitoes
  8 basilisks
  7 fire elementals
  Grum (D:8)
  2 death yak simulacra (IceCv)
  The ghost of esteth the Skirmisher, an amateur DsGl (D:4)
  20 swamp worms
  2 acid dragons
  3 wargs
  11 hell hounds
  24 water moccasins
  A floating eye (shapeshifter) (D:8)
  3 floating eyes
  31 orc warriors
  11 swamp drakes
  An ice beast (D:7)
  8 black bears
  3 ogres
  4 centaurs
  56 wolves
  A phantom (D:4)
  The ghost of starts1789 the Chiller, an amateur MfIE (D:4)
  5 kobold brigands
  20 bullfrogs
  8 two-headed ogre simulacra (IceCv)
  3 earth elementals
  3 scorpions
  10 wights
  2 cane toad simulacra (IceCv)
  12 killer bees
  3 elephant simulacra (IceCv)
  7 howler monkeys
  5 jellies (D:11)
  A gnoll shaman (D:10)
  36 orc priests
  5 hounds
  Terence (D:3)
  2 iguanas
  27 orc wizards
  10 troll simulacra (IceCv)
  2 polar bear simulacra (IceCv)
  3 spriggan simulacra (IceCv)
  2 wolf simulacra (IceCv)
  Robin (D:3)
  11 adders
  2 naga simulacra (IceCv)
  2 shadow imps (D:6)
  5 white imps
  4 ufetubi
  A worm (D:4)
  4 dart slugs
  78 orcs
  10 ball pythons
  6 bats
  21 endoplasms
  2 giant cockroaches
  10 goblins
  5 hobgoblins
  3 jackals (D:1)
  28 kobolds
  4 quokkas
  3 frilled lizards
  3 rats
  3 briar patches (Swamp:4)
  A bush (Lair:6)
1060 creatures vanquished.

Vanquished Creatures (collateral kills)
  A bat (D:3)
1 creature vanquished.

Vanquished Creatures (others)
  A spriggan (Swamp:1)
  A spriggan druid (Swamp:2)
  A hornet (Swamp:1)
  A swamp worm (Swamp:3)
  A swamp drake (Swamp:4)
  A kobold brigand (D:8)
  2 briar patches (Swamp:4)
  12 foxfires
  46 fungi
  24 plants
  6 withered plants
96 creatures vanquished.

Grand Total: 1157 creatures vanquished

Notes
Turn   | Place    | Note
-------+----------+-------------------------------------------
     0 | D:1      | kae the Hill Orc Fighter began the quest for the Orb.
     0 | D:1      | Reached XP level 1. HP: 19/19 MP: 1/1
     2 | D:1      | Noticed a ghoul
     4 | D:1      | Noticed a naga
     4 | D:1      | Noticed a demonspawn
     6 | D:1      | Noticed a tengu
     8 | D:1      | Noticed an octopode
    10 | D:1      | Noticed a merfolk
    12 | D:1      | Noticed an elf
    12 | D:1      | Noticed a vampire
    14 | D:1      | Noticed an ogre
    16 | D:1      | Noticed a minotaur
    16 | D:1      | Noticed a gargoyle
    18 | D:1      | Noticed a formicid
    18 | D:1      | Noticed a draconian
    20 | D:1      | Noticed a demigod
    20 | D:1      | Noticed a troll
    22 | D:1      | Noticed a vine stalker
    22 | D:1      | Noticed a spriggan
    24 | D:1      | Noticed a felid
    24 | D:1      | Noticed a dwarf
    26 | D:1      | Noticed a human
    42 | D:1      | Reached skill level 3 in Axes
    51 | D:1      | Reached XP level 2. HP: 17/27 MP: 2/2
   544 | D:1      | Reached skill level 4 in Axes
   599 | D:1      | Reached XP level 3. HP: 33/33 MP: 3/3
  1682 | D:2      | Reached XP level 4. HP: 37/41 MP: 4/4
  1755 | D:2      | Reached skill level 5 in Axes
  2111 | D:3      | Noticed Terence
  2135 | D:3      | Killed Terence
  2311 | D:3      | Reached XP level 5. HP: 42/47 MP: 5/5
  2719 | D:3      | Noticed Grinder
  2731 | D:3      | Paralysed by Grinder for 4 turns
  2738 | D:3      | Killed Grinder
  2739 | D:3      | Reached skill level 5 in Fighting
  2739 | D:3      | Reached skill level 7 in Axes
  2739 | D:3      | Reached XP level 6. HP: 19/57 MP: 6/6
  2949 | D:3      | Noticed Robin
  2957 | D:3      | Killed Robin
  3416 | D:4      | Found a runed translucent gate.
  3424 | D:4      | Found a runed translucent gate.
  3539 | D:4      | Reached skill level 8 in Axes
  3539 | D:4      | Reached XP level 7. HP: 63/63 MP: 7/7
  3898 | D:4      | Found a runed translucent gate.
  3898 | D:4      | Noticed esteth's ghost (amateur DsGl)
  3898 | D:4      | Noticed starts1789's ghost (amateur MfIE)
  3899 | D:4      | Noticed cheburek's ghost (amateur FoAK)
  3959 | D:4      | Killed cheburek's ghost
  3960 | D:4      | Reached skill level 9 in Axes
  3962 | D:4      | Killed starts1789's ghost
  3963 | D:4      | Reached XP level 8. HP: 63/73 MP: 8/8
  3965 | D:4      | Killed esteth's ghost
  3966 | D:4      | Reached skill level 10 in Axes
  4033 | D:5      | Entered Level 5 of the Dungeon
  4718 | D:5      | Reached skill level 11 in Axes
  4721 | D:5      | Found a staircase to the Ecumenical Temple.
  4762 | Temple   | Entered the Ecumenical Temple
  5450 | D:6      | Identified the +6 plate armour "Ytuhe" {rF+ MP+9 Slay+5}
  5591 | D:6      | Reached skill level 12 in Axes
  5591 | D:6      | Reached XP level 9. HP: 82/82 MP: 9/9
  5930 | D:6      | Found a blossoming altar of Fedhas.
  6093 | D:7      | Noticed a troll
  6108 | D:7      | Killed a troll
  6131 | D:7      | Reached skill level 13 in Axes
  6224 | D:7      | Found a snail-covered altar of Cheibriados.
  6445 | D:7      | Found a stormy altar of Qazlal.
  6475 | D:7      | Became a worshipper of Qazlal Stormbringer
  6586 | D:8      | Noticed an elephant
  6588 | D:8      | Noticed a troll
  6596 | D:8      | Killed an elephant
  6597 | D:8      | Reached skill level 5 in Armour
  6597 | D:8      | Reached skill level 1 in Invocations
  6601 | D:8      | Killed a troll
  6606 | D:8      | Reached XP level 10. HP: 80/92 MP: 12/12
  6673 | D:8      | Found a staircase to the Lair.
  6701 | D:8      | Reached skill level 14 in Axes
  6702 | D:8      | Paralysed by a floating eye for 4 turns
  6754 | D:8      | Reached * piety under Qazlal
  6762 | D:8      | Reached skill level 10 in Fighting
  6773 | D:8      | Noticed a two-headed ogre
  7023 | D:8      | Killed a two-headed ogre
  7133 | D:8      | Found a shimmering altar of Xom.
  7133 | D:8      | Found a shimmering altar of Xom.
  7133 | D:8      | Found a shimmering altar of Xom.
  7180 | D:8      | Found a shimmering altar of Xom.
  7181 | D:8      | Found a shimmering altar of Xom.
  7181 | D:8      | Found a shimmering altar of Xom.
  7182 | D:8      | Found a shimmering altar of Xom.
  7200 | D:8      | Noticed Grum
  7212 | D:8      | Reached skill level 5 in Invocations
  7224 | D:8      | Killed Grum
  7225 | D:8      | Reached skill level 15 in Axes
  7339 | D:8      | Noticed a black mamba
  7339 | D:8      | a hog changed into a black mamba
  7348 | D:8      | Noticed a fire crab
  7348 | D:8      | a black mamba changed into a fire crab
  7351 | D:8      | a fire crab changed into a floating eye
  7509 | D:8      | Noticed Maurice
  7513 | D:8      | Killed Maurice
  7861 | D:9      | Found Zaelea's Antique Weapon Shop.
  7871 | D:9      | Bought a runed broad axe for 231 gold pieces
  7919 | D:9      | Reached ** piety under Qazlal
  8088 | D:9      | Reached XP level 11. HP: 100/101 MP: 15/15
  8282 | D:9      | Found a large runed translucent door.
  8283 | D:9      | Found a large runed translucent door.
  8508 | D:9      | Noticed a two-headed ogre
  8515 | D:9      | Killed a two-headed ogre
  8516 | D:9      | Reached skill level 16 in Axes
  8904 | D:9      | Found a bloodstained altar of Trog.
  8916 | D:9      | Found an ancient bone altar of Kikubaaqudgha.
  8962 | D:10     | Entered Level 10 of the Dungeon
  9011 | D:10     | Found a white marble altar of Elyvilon.
  9622 | D:10     | Reached *** piety under Qazlal
  9810 | D:10     | Reached skill level 17 in Axes
 10200 | Lair:1   | Entered Level 1 of the Lair of Beasts
 10234 | Lair:1   | Reached XP level 12. HP: 112/112 MP: 18/18
 10273 | Lair:1   | Found a dark tunnel.
 10562 | Lair:1   | Reached **** piety under Qazlal
 10760 | Volcano  | Entered a volcano
 10788 | Volcano  | Reached skill level 18 in Axes
 11187 | Lair:1   | Reached skill level 10 in Invocations
 11464 | Lair:2   | Reached XP level 13. HP: 117/119 MP: 20/20
 11466 | Lair:2   | Reached skill level 10 in Armour
 11480 | Lair:2   | Reached skill level 19 in Axes
 11775 | Lair:2   | Reached ***** piety under Qazlal
 11861 | Lair:2   | Found a runed translucent gate.
 11861 | Lair:2   | Found a runed translucent gate.
 11861 | Lair:2   | Found a runed translucent gate.
 11876 | Lair:2   | Noticed Amaemon
 11887 | Lair:2   | Killed Amaemon
 12258 | Lair:2   | Reached skill level 20 in Axes
 12271 | Lair:2   | Found a staircase to the Snake Pit.
 12506 | Lair:2   | Noticed Hudyte's ghost (journeyman DEEE)
 12833 | Lair:2   | Killed Hudyte's ghost
 13488 | Lair:3   | Found a staircase to the Swamp.
 13816 | Lair:3   | Reached XP level 14. HP: 92/132 MP: 22/22
 14032 | Lair:4   | Reached ****** piety under Qazlal
 14267 | Lair:4   | Reached skill level 21 in Axes
 14859 | Lair:5   | Reached skill level 1 in Dodging
 15490 | Lair:5   | Paralysed by a floating eye for 2 turns
 15523 | Lair:5   | Found a staircase to the Slime Pits.
 15767 | Lair:6   | Entered Level 6 of the Lair of Beasts
 15860 | Lair:6   | Noticed Urug
 15861 | Lair:6   | Paralysed by Urug for 4 turns
 15871 | Lair:6   | Killed Urug
 16071 | Lair:6   | Reached skill level 15 in Fighting
 16116 | Lair:6   | Identified the ring of Moodiness {Drain rF+ MP+9 Slay+6
                  | SInv}
 16341 | Lair:6   | Reached XP level 15. HP: 90/141 MP: 24/24
 16629 | Lair:6   | Reached skill level 22 in Axes
 16869 | Lair:6   | Found a burning altar of Makhleb.
 17120 | Lair:6   | Found a gateway to Hell.
 18479 | D:11     | You fall into a shaft and drop 2 floors!
 18963 | D:12     | Found a frozen archway.
 19046 | IceCv    | Entered an ice cave
 19896 | D:12     | Found a staircase to the Orcish Mines.
 20108 | D:12     | Found Myschyl's Pet Rocks.
 20666 | Orc:1    | Entered Level 1 of the Orcish Mines
 20946 | Orc:1    | You are sucked into a shaft and drop 1 floor!
 20946 | Orc:2    | Entered Level 2 of the Orcish Mines
 20946 | Orc:2    | Found a roughly hewn altar of Beogh.
 20946 | Orc:2    | Found a roughly hewn altar of Beogh.
 21029 | Orc:2    | Found a staircase to the Elven Halls.
 21078 | Orc:2    | Reached skill level 23 in Axes
 21267 | Orc:2    | Found a gate leading to a gauntlet.
 21269 | Orc:2    | Found a runed translucent door.
 21269 | Orc:2    | Found a shimmering altar of Xom.
 21269 | Orc:2    | Identified the +5 great mace of Akymyrch {chaos, rF+ rN+
                  | Will-}
 21269 | Orc:2    | Noticed wakim's ghost (journeyman TrFi)
 21269 | Orc:2    | Found the ring of the Hare {EV+8}
 21276 | Gauntlet | Entered a Gauntlet
 21276 | Gauntlet | Found a transporter.
 21276 | Gauntlet | Found a transporter.
 21316 | Gauntlet | Found a transporter.
 21316 | Gauntlet | Found a transporter.
 21318 | Gauntlet | Found a large runed translucent door.
 21319 | Gauntlet | Found a large runed translucent door.
 21320 | Gauntlet | Found a large runed translucent door.
 21320 | Gauntlet | Found a large runed translucent door.
 21320 | Gauntlet | Found a runed translucent door.
 21321 | Gauntlet | Found a large runed translucent door.
 21324 | Gauntlet | Found a transporter.
 21332 | Gauntlet | Found a large runed translucent door.
 21333 | Gauntlet | Found a large runed translucent door.
 21334 | Gauntlet | Found a large runed translucent door.
 21335 | Gauntlet | Found a runed translucent gate.
 21337 | Gauntlet | Found the +5 robe of Night {Dark Will+ SInv}
 21339 | Gauntlet | Found a transporter.
 21345 | Gauntlet | Found a transporter.
 21345 | Gauntlet | Found a runed translucent gate.
 21346 | Gauntlet | Found a runed translucent gate.
 21347 | Gauntlet | Found a transporter.
 21347 | Gauntlet | Found a transporter.
 21347 | Gauntlet | Found a large runed translucent door.
 21348 | Gauntlet | Found a large runed translucent door.
 21349 | Gauntlet | Found a large runed translucent door.
 21373 | Gauntlet | Found a transporter.
 21380 | Gauntlet | Found a runed translucent door.
 21389 | Gauntlet | Found a large runed translucent door.
 21389 | Gauntlet | Found a large runed translucent door.
 21389 | Gauntlet | Found a large runed translucent door.
 21390 | Gauntlet | Found a large runed translucent door.
 21391 | Gauntlet | Found a transporter.
 21391 | Gauntlet | Found a large runed translucent door.
 21424 | Gauntlet | Found a transporter.
 21438 | Gauntlet | Found a transporter.
 21538 | Gauntlet | Found a transporter.
 21554 | Gauntlet | Found a transporter.
 21567 | Gauntlet | Found a transporter.
 21655 | Gauntlet | Identified the +0 cloak of the Bells {rElec rC+ Slay-4}
 21687 | Gauntlet | Identified the +0 pair of boots of Generosity {Drain rPois
                  | Int+5}
 21884 | Orc:2    | Reached XP level 16. HP: 95/151 MP: 26/26
 23253 | Orc:2    | Found Guppamas's General Store.
 23254 | Orc:2    | Found Plog's Armour Boutique.
 23255 | Orc:2    | Found Gyong's Antique Armour Shop.
 23259 | Orc:2    | Found Goloic's Antique Armour Shop.
 23267 | Orc:2    | Bought a pair of runed gloves for 217 gold pieces
 23433 | Orc:2    | Reached skill level 5 in Dodging
 23444 | Orc:2    | Killed wakim's ghost
 24083 | D:14     | HP: 7/151 [poisoned by a vault guard]
 24085 | D:14     | Identified the +2 pair of boots of Ixzupa Imimp {Harm *Slow
                  | rC+ Int+3}
 24510 | D:14     | Found a gate to the Vaults.
 24708 | D:14     | Found an ancient bone altar of Kikubaaqudgha.
 24752 | D:14     | Reached skill level 15 in Invocations
 24934 | D:14     | Found a roughly hewn altar of Beogh.
 25219 | D:14     | Identified a scroll of acquirement
 25219 | D:14     | Acquired a +3 executioner's axe of electrocution
 25250 | D:15     | Entered Level 15 of the Dungeon
 25643 | D:15     | Found a staircase to the Depths.
 25956 | D:15     | Reached skill level 24 in Axes
 26703 | Swamp:1  | Entered Level 1 of the Swamp
 27817 | Swamp:2  | Found the +5 robe of Misfortune {Harm *Corrode *Slow EV+5}
 27853 | Swamp:2  | Noticed Frances
 27861 | Swamp:2  | Killed Frances
 27862 | Swamp:2  | Reached XP level 17. HP: 150/160 MP: 28/28
 28851 | Swamp:3  | Found a runed translucent door.
 28854 | Swamp:3  | Identified the +12 trident "Transmigrator" {drain, rElec
                  | Str+3}
 28854 | Swamp:3  | Noticed benappo's ghost (adept DsHu)
 29008 | Swamp:3  | Found a runed translucent door.
 29118 | Swamp:3  | Identified the +8 spear "Isioca" {freeze, Int+3}
 29144 | Swamp:4  | Entered Level 4 of the Swamp
 29701 | Swamp:4  | HP: 6/162 [15-headed hydra (3)]
 30164 | Swamp:3  | Reached skill level 15 in Armour
 30732 | Swamp:4  | Got a decaying rune of Zot
 31285 | D:11     | Noticed Gastronok
 31298 | D:11     | Killed Gastronok
 31752 | Elf:1    | Entered Level 1 of the Elven Halls
 32435 | Elf:1    | Reached XP level 18. HP: 172/172 MP: 30/30
 33223 | Elf:2    | Paralysed by an air elemental for 1 turns
 33447 | Elf:2    | Found a runed translucent door.
 33471 | Elf:2    | Found a runed translucent door.
 33516 | Elf:2    | Noticed Aizul
 33517 | Elf:2    | Noticed a deep elf blademaster
 33525 | Elf:2    | Noticed Agnes
 33528 | Elf:2    | Killed a deep elf blademaster
 33534 | Elf:2    | Demolished by Agnes

Illustrated notes

Levels and vault maps discovered:
D:1:      kb_arrival_jail, layout_loops_corners, roderic_nine_men_s_morris
D:2:      layout_basic
D:3:      layout_basic, serial_glass, glass_columns_c, glass_columns_a,
          glass_columns_b, glass_columns_c, due_unseen_surprise,
          feat_on_display, feat_on_display, item_on_display_a, uniq_grinder,
          uniq_robin, uniq_terence
D:4:      layout_cave_pools, gammafunk_ghost_cemetery
D:5:      layout_loops_cross, minmay_temple_entry_wispy
D:6:      layout_rooms, fedhas_altar_2, interstate_on_off, lemuel_old_faithful
D:7:      layout_rooms, grunt_qazlal_sundering,
          mainiacjoe_overflow_tiny_flanked, hex_tiny
D:8:      layout_basic, xom_shifter_show, david_lair_generic,
          hangedman_decor_growths, solitary_fountain, grunt_ministairs_9,
          uniq_grum, uniq_maurice
D:9:      layout_roguey, jmf_multi_god_temple2, serial_shops,
          nicolae_lakefront_shop, serial_glass, glass_columns_c,
          glass_columns_a, glass_columns_a, hangedman_abyss_or_decor_passed,
          hangedman_minor_gate_pass
D:10:     minmay_spotlight, layout_irregular_city,
          nicolae_overflow_crystal_walls
D:11:     lemuel_slime, layout_loops_ring, uniq_gastronok
D:12:     layout_rooms, erik_orc_4, portal_ice_cave_rime, guppyfry_shop_earth
D:13:     layout_cave_pools, serial_shops, nicolae_take_the_stairs
D:14:     layout_roguey [special_room_orc], erik_vaults_2, grunt_decor_clamped,
          nicolae_kikubaaqudgha_miasma_corner
D:15:     grunt_enter_depths_giant_problem, layout_loops_cross,
          chequers_serial_rivers_small_b, minmay_fountain_box
Temple:   minmay_freezing_vapour_temple
Lair:1:   kb_forest_paths, layout_big_grid, nicolae_volcano_entry_batcave
Lair:2:   beast_lair_carwin_large_4, layout_chaotic_city,
          minmay_snake_entry_six_corridors, ebering_ghost_rock_garden,
          minmay_lair_oklob_bushes, uniq_amaemon
Lair:3:   minmay_lair_oklob_chamber, layout_gridlike, swamp_mist
Lair:4:   layout_gridlike, st_stairs_11, small_statue_intersection,
          grunt_forest_large_clearings, serial_bayou_shore_b, lemuel_fruit_tree,
          grunt_megastairs_3
Lair:5:   layout_roguey, minmay_slime_entry_eyes, grunt_megastairs_5
Lair:6:   evil_forest, layout_regular_city, worms_lemuel, uniq_urug
Swamp:1:  layout_basic_swamp, evilmike_swamp_ruin_house_5, swamp_pool3,
          infiniplex_staircase_pool_2
Swamp:2:  layout_basic_swamp, evilmike_swamp_ruin_house_3, swamp_pool3,
          uniq_frances
Swamp:3:  gammafunk_mikee_crab_dinner, layout_basic_swamp,
          ebering_ghost_funeral_grove, nicolae_swamp_stair_fork, swamp_pool5
Swamp:4:  swamp, layout_basic_swamp, swamp_pool1
Orc:1:    layout_diamond_mine
Orc:2:    st_orc_mages, layout_diamond_mine, ebering_ghost_xom, basic_altar,
          gauntlet_entry_generic, mines2_david
Elf:1:    minmay_elf_arrival_summoners, layout_onion_city, minivault_28,
          grunt_ministairs_1
Elf:2:    elven_hall_of_blades_hangedman_original
          [nicolae_blade_entry_splitting_headache], layout_geoelf_octagon,
          uniq_jorgrun, uniq_aizul, uniq_saint_roka, uniq_agnes

Skill      XL: |  1  2  3  4  5  6  7  8  9 10 11 12 13 14 15 16 17 |
---------------+----------------------------------------------------+-----
Axes           | 3 4 5 7 8 9 12 13 15 17 18 20 21 23 24 | 24.0
Fighting       | 4 5 6 7 8 9 10 11 12 14 15 16 18 | 18.4
Armour         | 5 7 8 9 11 12 13 14 15 | 15.9
Invocations    | 2 5 8 10 11 13 14 15 17 | 17.8
Dodging        | 2 4 6 8 |  8.7
Shields        | |  3.2

Action                   |  1- 3 |  4- 6 |  7- 9 | 10-12 | 13-15 | 16-18 || total
-------------------------+-------+-------+-------+-------+-------+-------++-------
Melee: War axe           |    87 |   127 |   220 |   112 |       |       ||   546
       Broad axe         |       |       |       |   265 |       |       ||   265
       Battleaxe         |       |       |       |    45 |   853 |   205 ||  1103
       Executioner's axe |       |       |       |       |       |   429 ||   429
Evoke: Wand              |       |       |       |     3 |       |       ||     3
  Use: Scroll            |     1 |     8 |     3 |    12 |     7 |    11 ||    42
       Potion            |       |     1 |     1 |       |       |     1 ||     3
Armor: Scale mail        |    40 |     1 |       |       |       |       ||    41
       Plate armour      |       |    82 |   103 |   146 |   306 |   301 ||   938
Dodge: Dodged            |    42 |    53 |    82 |    96 |   185 |   410 ||   868
       Repelled          |       |       |       |       |     4 |    22 ||    26
Block: Buckler           |    27 |    30 |    52 |   176 |       |       ||   285
       Reflection        |       |       |       |     9 |    15 |    24 ||    48
       Other             |       |       |       |    13 |   377 |   385 ||   775

Table legend: (Time is in decaauts)
 A = Elapsed time spent in this place.
 B = Non-inter-level travel time spent in this place.
 C = Inter-level travel time spent in this place.
 D = Time resting spent in this place.
 E = Time spent auto-exploring this place.
 F = Levels seen in this place.
 G = Mean time per level.
                   A        B        C        D        E       F      G
               +--------+--------+--------+--------+--------+-----+--------+
         Total |  33136 |  31252 |   1884 |   4308 |  21894 |  33 | 1004.1 |
       Dungeon |  15603 |  14633 |    970 |   2185 |  10232 |  15 | 1040.2 |
        Temple |     15 |     14 |      1 |      0 |     10 |   1 |   15.0 |
          Lair |   7401 |   6919 |    482 |    880 |   5005 |   6 | 1233.5 |
         Swamp |   4104 |   3937 |    167 |    594 |   2731 |   4 | 1026.0 |
  Orcish Mines |   2642 |   2391 |    251 |    377 |   1571 |   2 | 1321.0 |
   Elven Halls |   1747 |   1736 |     11 |    216 |   1291 |   2 |  873.5 |
      Ice Cave |    784 |    784 |      0 |     41 |    564 |   1 |  784.0 |
       Volcano |    313 |    313 |      0 |     15 |    173 |   1 |  313.0 |
      Gauntlet |    523 |    523 |      0 |      0 |    315 |   1 |  523.0 |
               +--------+--------+--------+--------+--------+-----+--------+

Top non-repeatable levels by time:
 Swamp:3: 1712 daAuts
   Orc:2: 1668 daAuts
  Lair:2: 1659 daAuts
  Lair:6: 1510 daAuts
     D:9: 1417 daAuts
    D:14: 1386 daAuts
     D:3: 1362 daAuts
     D:5: 1357 daAuts
   Elf:1: 1299 daAuts
     D:1: 1263 daAuts
    D:10: 1252 daAuts
    D:15: 1251 daAuts
  Lair:5: 1215 daAuts
  Lair:3: 1130 daAuts
  Lair:1: 1026 daAuts
